 Dungeon Crawl Stone Soup version 0.28-a0-1182-g381e24db82 (webtiles) character file.

Game seed: 5355140709182757128

290 flotson the Ducker (level 6, -1/47 HPs)
             Began as a Demonspawn Gladiator on Dec 16, 2021.
             Shot with an arrow by a centaur (13 damage)
             ... on level 7 of the Dungeon.
             The game lasted 00:04:50 (3685 turns).

flotson the Ducker (Demonspawn Gladiator)           Turns: 3685, Time: 00:04:50

Health: -1/47      AC:  6    Str: 16    XL:     6   Next: 9%
Magic:  6/6        EV: 12    Int:  9    God:
Gold:   146        SH:  0    Dex: 15    Spells: 5/5 levels left

rFire   . . .      SeeInvis .   a - +0 war axe
rCold   . . .      Faith    .   (no shield)
rNeg    . . .      Spirit   .   n - +0 ring mail
rPois   .          Reflect  .   (helmet restricted)
rElec   .          Harm     .   (no cloak)
rCorr   .          Rampage  .   b - +0 pair of gloves
Will    .....                   (no boots)
Stlth   +.........              (no amulet)
HPRegen 0.15/turn               (no ring)
MPRegen 0.10/turn               (no ring)

@: no status effects
A: horns 1, ignite blood 1, demonic magic 1, demonic touch 1
a: no special abilities


You were on level 7 of the Dungeon.
You visited 1 branch of the dungeon, and saw 5 of its levels.

You collected 146 gold pieces.

Inventory:

Hand Weapons
 a - a +0 war axe (weapon)
Missiles
 d - 3 throwing nets (quivered)
 i - 5 boomerangs
 o - 10 poisoned darts
Armour
 b - a +0 pair of gloves (worn)
 n - a +0 ring mail (worn)
Jewellery
 g - a ring of ice
Scrolls
 f - a scroll of holy word {unknown}
 h - 3 scrolls of identify {unknown}
 k - a scroll of fear {unknown}
Potions
 c - a potion of heal wounds {unknown}
 e - a potion of mutation {unknown}
 j - a potion of degeneration {unknown}
 l - a potion of ambrosia {unknown}
 m - 3 potions of curing {unknown}


   Skills:
 + Level 3.5 Fighting
 - Level 2.6 Axes
 + Level 3.2 Throwing
 + Level 2.4 Armour
 + Level 3.9 Dodging


You had 5 spell levels left.
You didn't know any spells.
Your spell library contained the following spells:

 Spells                   Type           Power      Damage    Failure   Level
 Stone Arrow              Conj/Erth      0%         3d7       92%         3
 Animate Armour           Summ/Erth      0%         N/A       100%        4
 Lehudib's Crystal Spear  Conj/Erth      0%         10d2      100%        8


Dungeon Overview and Level Annotations

Branches:
Dungeon (4/15)
 Temple: D:4-7

Altars:
Zin

Annotations:
D:4 3 runed translucent doors


Innate Abilities, Weirdness & Mutations

You have a pair of small horns on your head.
Your demonic aura sometimes causes spilled blood to erupt in flames.
Spells you cast may paralyse adjacent enemies.
Your touch may inflict minor irresistible damage on your foes.


Message History

You touch the centaur zombie.
The centaur zombie is severely damaged.
You hit the howler monkey.
The centaur zombie hits you but does no damage.
The centaur zombie kicks you but does no damage.
The howler monkey hits you. The centaur zombie hits you.
The centaur zombie barely misses you.
The howler monkey hoots and howls with incredible vigour!
You hit the centaur zombie. You headbutt the centaur zombie.
You destroy the centaur zombie!
You barely miss the howler monkey. The howler monkey closely misses you.
Unknown command.
You closely miss the howler monkey. Your touch misses the howler monkey.
The howler monkey is heavily wounded.
The howler monkey misses you. The howler monkey barely misses you.
You slash the howler monkey! Your headbutt misses the howler monkey.
You touch the howler monkey.
You kill the howler monkey!
The howler monkey hoots and howls with incredible vigour!
You have reached level 6!
Your demonic ancestry asserts itself...
Your blood heats up.
The howler monkey hoots and howls with incredible vigour!
The howler monkey hoots and howls with incredible vigour!
The howler monkey barely misses you.
The howler monkey hoots and howls with incredible vigour!
The howler monkey hits you but does no damage.
The howler monkey hoots and howls with incredible vigour!
The howler monkey hoots and howls with incredible vigour!
The howler monkey hoots and howls with incredible vigour!
The howler monkey hoots and howls with incredible vigour!
The howler monkey hoots and howls with incredible vigour!
The howler monkey hits you.
The centaur wields a +0 shortbow.
The centaur shoots an arrow.
The arrow hits you!
The centaur shoots an arrow.
The arrow hits you!
The centaur shoots an arrow.
The arrow hits you!
* * * LOW HITPOINT WARNING * * *
The centaur shoots an arrow.
The arrow hits you!
You die...

####### #. #........# #.
#........# #. #........#
#. #........# #.
#........# #.
#####........##########.
.........○.ch...........
#..@.○h..##########.
########## #. #. #. #.
#. #. #h #h


You could see a centaur and 2 howler monkeys.

Vanquished Creatures
  A howler monkey (D:7)
  A centaur zombie (D:7)
  A jelly (D:7)
  A hound (D:7)
  An iguana (D:7)
  Robin (D:1)
  2 adders
  2 worms
  A dart slug (D:4)
  3 orcs (D:3)
  8 endoplasms
  11 giant cockroaches
  13 goblins
  7 hobgoblins
  4 jackals (D:1)
  2 quokkas
  5 ball pythons
  6 bats
  2 frilled lizards
  6 kobolds
  9 rats
87 creatures vanquished.

Notes
Turn   | Place    | Note
-------+----------+-------------------------------------------
     0 | D:1      | flotson the Demonspawn Gladiator began the quest for the
                  | Orb.
     0 | D:1      | Reached XP level 1. HP: 16/16 MP: 1/1
     1 | D:1      | Found a runed translucent door.
    46 | D:1      | Discovered your monstrous ancestry.
    46 | D:1      | Gained mutation: Your touch may inflict minor irresistible
                  | damage on your foes. [demonic ancestry]
    46 | D:1      | Reached XP level 2. HP: 13/22 MP: 2/2
   113 | D:1      | Reached skill level 1 in Armour
   543 | D:1      | Gained mutation: Spells you cast may paralyse adjacent
                  | enemies. [demonic ancestry]
   543 | D:1      | Reached XP level 3. HP: 24/28 MP: 3/3
   979 | D:1      | Found a faded altar of an unknown god.
  1429 | D:2      | Noticed Robin
  1517 | D:1      | Killed Robin
  1668 | D:2      | Gained mutation: You have a pair of small horns on your
                  | head. [demonic ancestry]
  1668 | D:2      | Reached XP level 4. HP: 21/34 MP: 4/4
  1906 | D:2      | Found Boly's Armour Shop.
  3360 | D:4      | Found a runed translucent gate.
  3360 | D:4      | Found a runed translucent gate.
  3360 | D:4      | Found a runed translucent gate.
  3495 | D:4      | You fall into a shaft and drop 3 floors!
  3504 | D:7      | Reached XP level 5. HP: 35/41 MP: 5/5
  3603 | D:7      | Noticed a centaur
  3655 | D:7      | Gained mutation: Your demonic aura sometimes causes spilled
                  | blood to erupt in flames. [demonic ancestry]
  3655 | D:7      | Reached XP level 6. HP: 39/47 MP: 6/6
  3685 | D:7      | Shot with an arrow by a centaur

Illustrated notes

Levels and vault maps discovered:
D:1:      dpeg_arrival_caged_fury, layout_loops_corners,
          shapermc_ecumenical_altar_flowoftime
D:2:      layout_loops_cross, basic_altar, serial_shops, nicolae_square_shop,
          uniq_robin
D:3:      layout_loops_cross
D:4:      layout_loops_corners, serial_rivers, chequers_serial_rivers_micro_b,
          chequers_serial_rivers_micro_d, chequers_serial_rivers_micro_a,
          chequers_serial_rivers_room_a, chequers_serial_rivers_large_b,
          ebering_ghost_rock_garden
D:7:      minmay_opposing_rooms, layout_basic, tso_metal_star, enter_bailey_2,
          kennysheep_generic_room_10

Skill      XL: |  1  2  3  4  5 |
---------------+----------------+-----
Throwing       | 2 3 |  3.2
Dodging        | 3 |  3.9
Armour         | 1 2 |  2.4
Fighting       | 3 |  3.5
Axes           | |  2.6

Action                   |  1- 3 |  4- 6 || total
-------------------------+-------+-------++-------
Melee: War axe           |   114 |    89 ||   203
       Touch             |    10 |    14 ||    24
       Headbutt          |       |    20 ||    20
 Stab: Sleeping          |     2 |       ||     2
Armor: Leather armour    |    34 |    14 ||    48
       Ring mail         |       |    22 ||    22
Dodge: Dodged            |    71 |    62 ||   133

Table legend: (Time is in decaauts)
 A = Elapsed time spent in this place.
 B = Non-inter-level travel time spent in this place.
 C = Inter-level travel time spent in this place.
 D = Time resting spent in this place.
 E = Time spent auto-exploring this place.
 F = Levels seen in this place.
 G = Mean time per level.
                   A        B        C        D        E       F      G
               +--------+--------+--------+--------+--------+-----+--------+
         Total |   3777 |   3698 |     79 |     98 |   2875 |   5 |  755.4 |
       Dungeon |   3777 |   3698 |     79 |     98 |   2875 |   5 |  755.4 |
               +--------+--------+--------+--------+--------+-----+--------+

Top non-repeatable levels by time:
     D:1: 1522 daAuts
     D:2: 1144 daAuts
     D:3: 760 daAuts
     D:7: 195 daAuts
     D:4: 154 daAuts
